TOP OF THE 1ST |
Fort Collins Commoners batting - Pitching for Ontario Emus : RHP Ánibal Hernández
|
Pitching: RHP Ánibal Hernández
|
|
Batting: RHB Dennis Garner
|
0-0: Called Strike 0-1: Ball 1-1: Ground out 6-3 (Groundball, 6)
|
Batting: RHB Pedro García
|
0-0: Foul Ball, location: 2F 0-1: Called Strike 0-2: Fly out, F9 (Line Drive, 89D)
|
Batting: RHB Rich Henley
|
0-0: Ball 1-0: Ball 2-0: Called Strike 2-1: Foul Ball, location: 2F 2-2: Foul Ball, location: 2F 2-2: Fly out, F6 (Line Drive, 6)
|
Top of the 1st over - 0 run(s), 0 hit(s), 0 error(s), 0 left on base; Fort Collins 0 - Ontario 0 |
BOTTOM OF THE 1ST |
Ontario Emus batting - Pitching for Fort Collins Commoners : RHP Tom Emery
|
Pitching: RHP Tom Emery
|
|
Batting: RHB Álex Ochoa
|
0-0: Ball 1-0: Fly out, F8 (Flyball, 78M)
|
Batting: SHB Darrel Lang
|
0-0: Ball 1-0: Called Strike 1-1: SINGLE (Line Drive, 4MD)
|
Batting: RHB Álex Martínez
|
0-0: Ball 1-0: Ball 2-0: Ball 3-0: Called Strike 3-1: Swinging Strike 3-2: Strikes out swinging
|
Batting: RHB Júlio Colón
|
0-0: Called Strike 0-1: Called Strike 0-2: Ground out 6-3 (Groundball, 6)
|
Bottom of the 1st over - 0 run(s), 1 hit(s), 0 error(s), 1 left on base; Fort Collins 0 - Ontario 0 |
TOP OF THE 2ND |
Fort Collins Commoners batting - Pitching for Ontario Emus : RHP Ánibal Hernández
|
Batting: SHB José Gonzáles
|
0-0: Foul Ball, location: 2F 0-1: Ball 1-1: Swinging Strike 1-2: Ball 2-2: Hit by Pitch
|
Batting: RHB Francisco Fernández
|
0-0: Fly out, F9 (Flyball, 9M)
|
Batting: RHB Walter Brown
|
0-0: Foul Ball, location: 2F 0-1: Ball 1-1: Reached on error, E6 (Groundball, 6) José Gonzáles to second
|
Batting: SHB Darren Ramsey
|
0-0: Foul Ball, location: 2F 0-1: Ball 1-1: Ball 2-1: Ball 3-1: Base on Balls José Gonzáles to third Walter Brown to second
|
Batting: RHB Monty Crawford
|
0-0: Ball 1-0: Called Strike 1-1: Ball 2-1: Called Strike 2-2: Fly out, F8 (Flyball, 8LM) Runner from 3rd tags up, SCORES, no throw
|
Batting: LHB Lorenzo Vargas
|
0-0: Called Strike 0-1: SINGLE (Groundball, 34D) Walter Brown to third Darren Ramsey to second
|
Batting: RHB Dennis Garner
|
0-0: Ball 1-0: DOUBLE (Flyball, 7D) Walter Brown scores Darren Ramsey scores Lorenzo Vargas to third
|
Batting: RHB Pedro García
|
0-0: Ball 1-0: Ball 2-0: Ball 3-0: Called Strike 3-1: Base on Balls
|
Batting: RHB Rich Henley
|
0-0: Called Strike 0-1: Ball 1-1: Fly out, F9 (Flyball, 89M)
|
Top of the 2nd over - 3 run(s), 2 hit(s), 1 error(s), 3 left on base; Fort Collins 3 - Ontario 0 |
BOTTOM OF THE 2ND |
Ontario Emus batting - Pitching for Fort Collins Commoners : RHP Tom Emery
|
Batting: LHB Elvin Summers
|
0-0: Called Strike 0-1: Ground out 4-3 (Groundball, 4MS)
|
Batting: RHB Albert Galindo
|
0-0: Ball 1-0: Ball 2-0: Ball 3-0: Called Strike 3-1: Ground out 6-3 (Groundball, 6)
|
Batting: RHB John Robertson
|
0-0: Called Strike 0-1: Ball 1-1: Ground out 6-3 (Groundball, 6)
|
Bottom of the 2nd over - 0 run(s), 0 hit(s), 0 error(s), 0 left on base; Fort Collins 3 - Ontario 0 |
TOP OF THE 3RD |
Fort Collins Commoners batting - Pitching for Ontario Emus : RHP Ánibal Hernández
|
Batting: SHB José Gonzáles
|
0-0: Called Strike 0-1: Swinging Strike 0-2: SINGLE (Groundball, 4MD)
|
Batting: RHB Francisco Fernández
|
0-0: Called Strike 0-1: Ball 1-1: Ball 2-1: Fielders Choice at 2nd, 1-4 (Groundball, 15S)
|
Batting: RHB Walter Brown
|
0-0: Ball 1-0: Ball 2-0: SINGLE (Line Drive, 8RS) Francisco Fernández to second
|
Batting: SHB Darren Ramsey
|
0-0: Ball 1-0: Called Strike 1-1: Ball 2-1: Ball 3-1: Called Strike 3-2: Foul Ball, location: 2F 3-2: SINGLE (Groundball, 34D) Francisco Fernández to third Walter Brown to second Runner from 3rd tries for Home, SAFE, no throw or cutoff
|
Batting: RHB Monty Crawford
|
0-0: Ball 1-0: Foul Ball, location: 2F 1-1: Called Strike 1-2: Ball 2-2: Strikes out swinging
|
Batting: LHB Lorenzo Vargas
|
0-0: Called Strike 0-1: Ball 1-1: Foul Ball, location: 2F 1-2: Ball 2-2: Foul Ball, location: 2F 2-2: Foul Ball, location: 2F 2-2: Foul Ball, location: 2F 2-2: Ball 3-2: Ground out 4-3 (Groundball, 4S)
|
Top of the 3rd over - 1 run(s), 3 hit(s), 0 error(s), 2 left on base; Fort Collins 4 - Ontario 0 |
BOTTOM OF THE 3RD |
Ontario Emus batting - Pitching for Fort Collins Commoners : RHP Tom Emery
|
Batting: RHB Jack Crossey
|
0-0: Ball 1-0: Ball 2-0: Ball 3-0: Base on Balls
|
Batting: RHB Glen Madden
|
0-0: Called Strike 0-1: Foul Ball, location: 2F 0-2: Ball 1-2: Ball 2-2: Strikes out swinging
|
Batting: RHB Álex Ochoa
|
0-0: Ball 1-0: Ball 2-0: Reached on error, E4 (Groundball, 4) Jack Crossey to second
|
Batting: SHB Darrel Lang
|
0-0: Called Strike 0-1: Swinging Strike 0-2: Fly out, F8 (Line Drive, 8LS)
|
Batting: RHB Álex Martínez
|
0-0: Foul Ball, location: 2F 0-1: Foul Ball, location: 2F 0-2: Strikes out swinging
|
Bottom of the 3rd over - 0 run(s), 0 hit(s), 1 error(s), 2 left on base; Fort Collins 4 - Ontario 0 |
TOP OF THE 4TH |
Fort Collins Commoners batting - Pitching for Ontario Emus : RHP Ánibal Hernández
|
Batting: RHB Dennis Garner
|
0-0: Called Strike 0-1: Called Strike 0-2: Foul Ball, location: 2F 0-2: Strikes out swinging
|
Batting: RHB Pedro García
|
0-0: Ball 1-0: Foul Ball, location: 2F 1-1: Foul Ball, location: 2F 1-2: Strikes out looking
|
Batting: RHB Rich Henley
|
0-0: Called Strike 0-1: Called Strike 0-2: Ball 1-2: Strikes out swinging
|
Top of the 4th over - 0 run(s), 0 hit(s), 0 error(s), 0 left on base; Fort Collins 4 - Ontario 0 |
BOTTOM OF THE 4TH |
Ontario Emus batting - Pitching for Fort Collins Commoners : RHP Tom Emery
|
Batting: RHB Júlio Colón
|
0-0: Called Strike 0-1: SINGLE (Groundball, 34S)
|
Batting: LHB Elvin Summers
|
0-0: Ball 1-0: SINGLE (Line Drive, 34) Júlio Colón to second
|
Batting: RHB Albert Galindo
|
0-0: Ball 1-0: Called Strike 1-1: Swinging Strike 1-2: Ball 2-2: Ball 3-2: Base on Balls Júlio Colón to third Elvin Summers to second
|
Batting: RHB John Robertson
|
0-0: SINGLE (Groundball, 3D) Júlio Colón scores Elvin Summers to third Albert Galindo to second
|
Batting: RHB Jack Crossey
|
0-0: Called Strike 0-1: Ball 1-1: Foul Ball, location: 2F 1-2: Foul Ball, location: 2F 1-2: Foul Ball, location: 2F 1-2: DOUBLE (Flyball, 78M) Elvin Summers scores Albert Galindo scores John Robertson to third
|
Batting: RHB Glen Madden
|
0-0: SINGLE (Groundball, 6) John Robertson scores Jack Crossey to third
|
Batting: RHB Álex Ochoa
|
0-0: Ball 1-0: DOUBLE (Flyball, 89M) Jack Crossey scores Glen Madden to third Runner from 3rd tries for Home, SAFE, no throw or cutoff
|
Batting: SHB Darrel Lang
|
0-0: Ball 1-0: Ground out 3-1 (Groundball, 34) Álex Ochoa to third
|
Batting: RHB Álex Martínez
|
0-0: Ground out 4-3 (Groundball, 4M) Álex Ochoa scores
|
Pitching: LHP Esteban García
|
|
Batting: RHB Júlio Colón
|
0-0: Called Strike 0-1: Ball 1-1: Swinging Strike 1-2: Ground out 5-3 (Groundball, 5)
|
Bottom of the 4th over - 7 run(s), 6 hit(s), 0 error(s), 0 left on base; Fort Collins 4 - Ontario 7 |
TOP OF THE 5TH |
Fort Collins Commoners batting - Pitching for Ontario Emus : RHP Ánibal Hernández
|
Pitching: RHP Shaun Harris
|
|
Batting: SHB José Gonzáles
|
0-0: Called Strike 0-1: SINGLE (Groundball, 34D)
|
Batting: RHB Francisco Fernández
|
0-0: Ball José Gonzáles is caught stealing 2nd base 1-0: Foul Ball, location: 2F 1-1: Called Strike 1-2: Ground out 5-3 (Groundball, 5S)
|
Batting: RHB Walter Brown
|
0-0: Ball 1-0: Foul Ball, location: 2F 1-1: Ball 2-1: Ball 3-1: Called Strike 3-2: Foul Ball, location: 2F 3-2: SINGLE (Groundball, 6MD)
|
Batting: SHB Darren Ramsey
|
0-0: Ball 1-0: Ball 2-0: Ball 3-0: Called Strike 3-1: Base on Balls Walter Brown to second
|
Batting: RHB Monty Crawford
|
0-0: Ball 1-0: Ball 2-0: Ball 3-0: Called Strike 3-1: Base on Balls Walter Brown to third Darren Ramsey to second
|
Batting: LHB Lorenzo Vargas
|
0-0: Ball 1-0: Ball 2-0: Called Strike 2-1: Swinging Strike 2-2: Foul Ball, location: 2F 2-2: Strikes out swinging
|
Top of the 5th over - 0 run(s), 2 hit(s), 0 error(s), 3 left on base; Fort Collins 4 - Ontario 7 |
BOTTOM OF THE 5TH |
Ontario Emus batting - Pitching for Fort Collins Commoners : LHP Esteban García
|
Batting: LHB Elvin Summers
|
0-0: Called Strike 0-1: Ball 1-1: Ball 2-1: Swinging Strike 2-2: Ball 3-2: Base on Balls
|
Batting: RHB Albert Galindo
|
0-0: Ball 1-0: Foul Ball, location: 2F 1-1: Ball Elvin Summers steals 2nd base 2-1: Fly out, F8 (Flyball, 8RM)
|
Batting: RHB John Robertson
|
0-0: Ball 1-0: SINGLE (Line Drive, 34) Elvin Summers to third Runner from 3rd tries for Home, throw and OUT!
|
Batting: RHB Jack Crossey
|
0-0: Ball Wild Pitch! John Robertson to second 1-0: Ball 2-0: Called Strike 2-1: Ball 3-1: Fly out, F9 (Flyball, 9LM)
|
Bottom of the 5th over - 0 run(s), 1 hit(s), 0 error(s), 1 left on base; Fort Collins 4 - Ontario 7 |
TOP OF THE 6TH |
Fort Collins Commoners batting - Pitching for Ontario Emus : RHP Shaun Harris
|
Batting: RHB Dennis Garner
|
0-0: Called Strike 0-1: Hit by Pitch
|
Batting: RHB Pedro García
|
0-0: Called Strike 0-1: Fly out, F8 (Flyball, 8LM)
|
Batting: RHB Rich Henley
|
0-0: Called Strike Dennis Garner steals 2nd base 0-1: Called Strike 0-2: Ball 1-2: Strikes out swinging
|
Batting: SHB José Gonzáles
|
0-0: Ball 1-0: Called Strike 1-1: Foul Ball, location: 2F 1-2: Foul Ball, location: 2F 1-2: Ball 2-2: Ground out 6-3 (Groundball, 6)
|
Top of the 6th over - 0 run(s), 0 hit(s), 0 error(s), 1 left on base; Fort Collins 4 - Ontario 7 |
BOTTOM OF THE 6TH |
Ontario Emus batting - Pitching for Fort Collins Commoners : LHP Esteban García
|
Batting: RHB Glen Madden
|
0-0: Ball 1-0: Foul Ball, location: 2F 1-1: Called Strike 1-2: Foul Ball, location: 2F 1-2: Foul Ball, location: 2F 1-2: Foul Ball, location: 2F 1-2: Strikes out looking
|
Batting: RHB Álex Ochoa
|
0-0: Ball 1-0: Called Strike 1-1: Foul Ball, location: 2F 1-2: Strikes out swinging
|
Batting: SHB Darrel Lang
|
0-0: Ball 1-0: Ball 2-0: Fly out, F7 (Flyball, 7LD)
|
Bottom of the 6th over - 0 run(s), 0 hit(s), 0 error(s), 0 left on base; Fort Collins 4 - Ontario 7 |
TOP OF THE 7TH |
Fort Collins Commoners batting - Pitching for Ontario Emus : RHP Shaun Harris
|
Pitching: RHP Héctor Villegas
|
|
Batting: RHB Francisco Fernández
|
0-0: Ball 1-0: Called Strike 1-1: Ball 2-1: Ball 3-1: Foul Ball, location: 2F 3-2: Strikes out looking
|
Batting: RHB Walter Brown
|
0-0: Ball 1-0: Swinging Strike 1-1: Foul Ball, location: 2F 1-2: Ball 2-2: DOUBLE (Line Drive, 7M)
|
Batting: SHB Darren Ramsey
|
0-0: Ball 1-0: Called Strike 1-1: Ball 2-1: Ball 3-1: Swinging Strike 3-2: Strikes out swinging
|
Batting: RHB Monty Crawford
|
0-0: Ball 1-0: Called Strike 1-1: Called Strike 1-2: Strikes out swinging
|
Top of the 7th over - 0 run(s), 1 hit(s), 0 error(s), 1 left on base; Fort Collins 4 - Ontario 7 |
BOTTOM OF THE 7TH |
Ontario Emus batting - Pitching for Fort Collins Commoners : LHP Esteban García
|
Pitching: RHP David Casteañón
|
|
Batting: RHB Álex Martínez
|
0-0: Called Strike 0-1: Called Strike 0-2: Foul Ball, location: 2F 0-2: Foul Ball, location: 2F 0-2: Ball 1-2: Ball 2-2: Ground out 4-3 (Groundball, 4)
|
Batting: RHB Júlio Colón
|
0-0: Called Strike 0-1: Ball 1-1: Fly out, F7 (Popup, 7LS)
|
Batting: LHB Elvin Summers
|
0-0: Called Strike 0-1: Ball 1-1: Ball 2-1: Called Strike 2-2: Ball 3-2: Base on Balls
|
Batting: RHB Albert Galindo
|
0-0: Ball 1-0: Ball 2-0: Called Strike 2-1: Foul Ball, location: 2F 2-2: Ball 3-2: SINGLE (Flyball, 9S) Elvin Summers to second Elvin Summers to third
|
Batting: RHB John Robertson
|
0-0: Ball 1-0: Called Strike 1-1: Called Strike 1-2: Ball 2-2: Ball 3-2: Strikes out swinging
|
Bottom of the 7th over - 0 run(s), 1 hit(s), 0 error(s), 2 left on base; Fort Collins 4 - Ontario 7 |
TOP OF THE 8TH |
Fort Collins Commoners batting - Pitching for Ontario Emus : RHP Héctor Villegas
|
Batting: LHB Lorenzo Vargas
|
0-0: Reached on error, E4 (Groundball, 4)
|
Batting: RHB Dennis Garner
|
0-0: Called Strike 0-1: Foul Ball, location: 2F 0-2: Ball 1-2: Ball 2-2: Strikes out swinging
|
Batting: RHB Pedro García
|
0-0: Ball 1-0: Ball 2-0: Fly out, F3 (Popup, 34)
|
Batting: RHB Rich Henley
|
0-0: 2-RUN HOME RUN (Flyball, 7D), Distance : 389 ft
|
Batting: SHB José Gonzáles
|
0-0: Called Strike 0-1: Foul Ball, location: 2F 0-2: Ball 1-2: SINGLE (Groundball, 56D)
|
Pinch Hitting: LHB Miguel Arteaga
|
0-0: Ball 1-0: Ball 2-0: Ground out 4-3 (Groundball, 34)
|
Top of the 8th over - 2 run(s), 2 hit(s), 1 error(s), 1 left on base; Fort Collins 6 - Ontario 7 |
BOTTOM OF THE 8TH |
Ontario Emus batting - Pitching for Fort Collins Commoners : RHP David Casteañón
|
Now in CF: Miguel Arteaga
|
|
Batting: RHB Jack Crossey
|
0-0: Ball 1-0: Called Strike 1-1: Called Strike 1-2: Ball 2-2: Foul Ball, location: 2F 2-2: Strikes out swinging
|
Batting: RHB Glen Madden
|
0-0: Ground out 6-3 (Groundball, 6)
|
Batting: RHB Álex Ochoa
|
Reached via error on a dropped throw, E3
|
Pinch Hitting: LHB Cipriano Martínez
|
0-0: Ball 1-0: Called Strike 1-1: Ground out 4-3 (Groundball, 34)
|
Bottom of the 8th over - 0 run(s), 0 hit(s), 1 error(s), 1 left on base; Fort Collins 6 - Ontario 7 |
TOP OF THE 9TH |
Fort Collins Commoners batting - Pitching for Ontario Emus : RHP Héctor Villegas
|
Pitching: LHP Walt MacKey
|
|
Now at 1B: Cipriano Martínez
|
|
Now in LF: César Maldonado
|
|
Batting: RHB Walter Brown
|
0-0: Foul Ball, location: 2F 0-1: Ball 1-1: SINGLE (Line Drive, 9LS)
|
Pinch Runner at 1st Glen French:
|
|
Batting: SHB Darren Ramsey
|
0-0: Fly out, F5 (Line Drive, 5S)
|
Pinch Hitting: RHB Juan Castillo
|
0-0: Ball 1-0: Ball 2-0: Fielders Choice at 2nd, 1-6 (Groundball, 15)
|
Batting: LHB Lorenzo Vargas
|
0-0: Ball 1-0: Ball 2-0: Ground out 6-3 (Groundball, 6)
|
Top of the 9th over - 0 run(s), 1 hit(s), 0 error(s), 1 left on base; Fort Collins 6 - Ontario 7 |
|